 Dungeon Crawl Stone Soup version 0.29.0-4-gdea44cf6ec (webtiles) character file.

Game seed: 7570983499774488096

4005 qw the Cleaver (level 10, 0/86 HPs)
             Began as a Minotaur Berserker on Sept 10, 2022.
             Was a Priest of Trog.
             Killed from afar by an oklob plant (29 damage)
             ... with a splash of acid
             ... on level 8 of the Dungeon.
             The game lasted 00:02:34 (9423 turns).

qw the Cleaver (Minotaur Berserker)                 Turns: 9423, Time: 00:02:35

Health: 0/86       AC:  2    Str: 26    XL:     10   Next: 3%
Magic:  9/9        EV:  6    Int:  4    God:    Trog [***...]
Gold:   348        SH: 10    Dex: 10    Spells: 9/9 levels left

rFire   . . .      SeeInvis .   Y - +1 war axe
rCold   . . .      Faith    .   n - +0 kite shield
rNeg    . . .      Spirit   .   q - +0 plate armour
rPois   .          Reflect  .   (helmet restricted)
rElec   .          Harm     .   b - +0 cloak
rCorr   .          Rampage  .   (no gloves)
Will    .....                   (no boots)
Stlth   ..........              (no amulet)
HPRegen 0.24/turn               (no ring)
MPRegen 0.11/turn               (no ring)

@: about to teleport, corroded, on berserk cooldown, slowed, very slow
A: horns 2, retaliatory headbutt
a: Renounce Religion, Berserk, Trog's Hand


You were on level 8 of the Dungeon.
You worshipped Trog.
Trog was most pleased with you.
You visited 1 branch of the dungeon, and saw 8 of its levels.

You collected 426 gold pieces.
You spent 78 gold pieces at shops.


Innate Abilities, Weirdness & Mutations

You have a pair of horns on your head.
You reflexively headbutt those who attack you in melee.


   Skills:
 - Level 7.4 Fighting
 + Level 12.0 Axes
 - Level 2.4 Throwing
 - Level 6.3 Armour
 - Level 2.1 Dodging
 - Level 9.0 Shields


You had 9 spell levels left.
You didn't know any spells.
Your spell library was empty.

Inventory:

Hand Weapons
 c - a +0 morningstar
 Y - a +1 war axe (weapon)
Missiles
 r - a javelin (quivered)
Armour
 b - a +0 cloak (worn)
 n - a +0 kite shield (worn)
 q - a +0 plate armour (worn)
Jewellery
 o - a ring of fire
Scrolls
 a - 6 scrolls of identify
 k - a scroll of teleportation
Potions
 d - a potion of resistance
 g - 2 potions of haste
 i - 2 potions of cancellation
 m - a potion of curing
 p - a potion of might

Dungeon Overview and Level Annotations

Branches:
Dungeon (8/15)             Temple (0/1) D:4
   Lair: D:8-11

Altars:
Gozag
Hepliaklqana
Sif Muna
Zin

Shops:
D:2 ?

Portals:
Bailey: D:8


Message History

You slice the oklob plant!!
The oklob plant is heavily damaged.
You slash the plant! x2
You slash the oklob plant! You headbutt the oklob plant.
The oklob plant is almost destroyed.
You slash the plant! x2
The oklob plant spits acid at you. The splash of acid hits you!!
The acid corrodes you!
You hit the oklob plant.
The oklob plant is almost destroyed.
You hit the plant. You slash the plant! You slash the oklob plant!
You destroy the oklob plant!
Trog accepts your kill.
You slash the plant! You hit the plant.
Your Armour skill increases to level 6!
You have reached level 10!
Found 16 gold pieces.
A nearby plant withers and dies. x2
You feel a strong urge to attack something.
You are no longer berserk.
You are exhausted.
You feel yourself slow down. The oklob plant spits acid at you.
The splash of acid hits you!! The acid corrodes you!
9421 ||| READING 2 scrolls of teleportation.
As you read the scroll of teleportation, it crumbles to dust.
You feel strangely unstable.
You hit the oklob plant but do no damage.
You headbutt the oklob plant!
The oklob plant is lightly damaged.
You hit the plant.
The plant begins to die.
The oklob plant spits acid at you. The splash of acid hits you!!
The acid corrodes you!
9423 ||| DRINKING potion of heal wounds.
You feel much better.
You hear the quick creaking of a very distant portcullis.
A nearby plant withers and dies.
The oklob plant spits acid at you. The splash of acid hits you!!
You die...

#............ .
#......$...... .
#............. .
#........P..... .
#.......PPPP....
#......PP)PP.....
#.....PPP.>P..)...
.
##....@.P...P.....#
.
#........?.PPP....#
.
#........P(P......#
..
#.........PP......#
..
#.................#
..
#.........)......#
#.#
#.##.......$....##
.. #.
###........### ##.#
########.# #..#


You could see 2 oklob plants.

Vanquished Creatures
  An oklob plant (D:8)
  Maggie (D:6)
  Grinder (D:3)
  A hornet (D:7)
  Sigmund (D:2)
  Eustachio (D:6)
  A steam dragon (D:6)
  2 acid dragons
  A black bear (D:5)
  2 ice beasts
  A sky beast (D:7)
  2 ogres
  2 centaurs
  A kobold brigand (D:8)
  4 bullfrogs
  A gnoll sergeant (D:7)
  A necrophage (D:6)
  3 scorpions
  8 wights (D:7)
  A howler monkey (D:3)
  A hound (D:7)
  3 jellies
  4 iguanas
  Terence (D:3)
  2 orc wizards
  Robin (D:2)
  11 gnolls
  6 adders
  A white imp (D:6)
  3 ufetubi
  3 dart slugs
  11 orcs
  8 endoplasms
  4 giant cockroaches
  15 goblins
  8 hobgoblins
  4 jackals (D:3)
  13 kobolds
  5 quokkas
  9 ball pythons
  5 bats
  A frilled lizard (D:2)
  2 rats
157 creatures vanquished.

Vanquished Creatures (others)
  3 plants (D:8)
3 creatures vanquished.

Grand Total: 160 creatures vanquished

Notes
Turn   | Place    | Note
-------+----------+-------------------------------------------
     0 | D:1      | qw the Minotaur Berserker began the quest for the Orb.
     0 | D:1      | Reached XP level 1. HP: 19/19 MP: 0/0
     0 | D:1      | 0 ||| qw: Version: 0.1-a-116-g5d60599
     0 | D:1      | 0 ||| qw: Game counter: 7593
     0 | D:1      | 0 ||| qw: Always use a shield: true
     0 | D:1      | 0 ||| qw: Do Orc after D:15 true
     0 | D:1      | 0 ||| qw: Do second Lair branch before Depths: true
     0 | D:1      | 0 ||| qw: Lair rune preference: random
     0 | D:1      | 0 ||| qw: Plans: Normal
     0 | D:1      | 0 ||| PLANNING D:1-11
   245 | D:1      | Reached skill level 4 in Axes
   331 | D:1      | Found a faded altar of an unknown god.
   450 | D:1      | Reached XP level 2. HP: 22/26 MP: 1/1
   864 | D:1      | 864 ||| Stepping ~*~*~tactically~*~*~ (hiding).
  1431 | D:1      | Reached skill level 5 in Axes
  1633 | D:1      | 1633 ||| UPGRADING to +0 leather armour.
  1643 | D:1      | 1643 ||| DROPPING +0 animal skin.
  1644 | D:1      | 1644 ||| UPGRADING to +0 ring mail.
  1654 | D:1      | 1654 ||| DROPPING +0 leather armour.
  1655 | D:1      | 1655 ||| UPGRADING to +0 scale mail.
  1665 | D:1      | 1665 ||| DROPPING +0 ring mail.
  1666 | D:1      | 1666 ||| READING 3 scrolls labelled LUTOUR QUOREF.
  1667 | D:1      | 1667 ||| READING scroll labelled JIALOUTSUI.
  1672 | D:1      | 1672 ||| READING 2 scrolls of identify.
  1672 | D:1      | 1672 ||| IDENTIFYING sedimented yellow potion
  1673 | D:1      | 1673 ||| DROPPING potion of flight.
  1761 | D:2      | 1761 ||| Stepping ~*~*~tactically~*~*~ (stealth).
  1763 | D:2      | 1763 ||| Stepping ~*~*~tactically~*~*~ (hiding).
  1766 | D:2      | Reached XP level 3. HP: 31/31 MP: 2/2
  1774 | D:2      | Noticed Robin
  1775 | D:2      | 1775 ||| Stepping ~*~*~tactically~*~*~ (hiding).
  1776 | D:2      | 1776 ||| Stepping ~*~*~tactically~*~*~ (hiding).
  1783 | D:2      | 1783 ||| INVOKING Berserk.
  1789 | D:2      | Killed Robin
  1789 | D:2      | Reached ** piety under Trog
  1799 | D:2      | 1799 ||| Stepping ~*~*~tactically~*~*~ (stealth).
  1927 | D:2      | 1927 ||| DROPPING +0 whip.
  2099 | D:2      | Reached XP level 4. HP: 39/39 MP: 3/3
  2117 | D:2      | Reached skill level 6 in Axes
  2123 | D:2      | Identified the +0 ring mail "Oly Pupi" {+Inv rF+ Slay-3}
  2125 | D:2      | 2125 ||| Stepping ~*~*~tactically~*~*~ (stealth).
  2128 | D:2      | 2128 ||| Stepping ~*~*~tactically~*~*~ (stealth).
  2225 | D:2      | 2225 ||| Stepping ~*~*~tactically~*~*~ (stealth).
  2232 | D:2      | 2232 ||| Stepping ~*~*~tactically~*~*~ (stealth).
  2366 | D:2      | Noticed Sigmund
  2370 | D:2      | 2370 ||| INVOKING Berserk.
  2373 | D:2      | Killed Sigmund
  2374 | D:2      | Reached skill level 7 in Axes
  2374 | D:2      | Reached XP level 5. HP: 45/45 MP: 4/4
  2514 | D:2      | Found Hucumipnu's Magic Scroll Emporium.
  2523 | D:2      | 2523 ||| SHOPLISTING scroll of brand weapon (123 gold, have
                  | 91).
  2523 | D:2      | 2523 ||| SHOPLISTING scroll of enchant armour (97 gold,
                  | have 91).
  2523 | D:2      | 2523 ||| BUYING scroll of identify (26 gold).
  2523 | D:2      | Bought a scroll of identify for 26 gold pieces
  2523 | D:2      | 2523 ||| BUYING scroll of identify (26 gold).
  2523 | D:2      | Bought a scroll of identify for 26 gold pieces
  2523 | D:2      | 2523 ||| BUYING scroll of identify (26 gold).
  2523 | D:2      | Bought a scroll of identify for 26 gold pieces
  2590 | D:2      | 2590 ||| Stepping ~*~*~tactically~*~*~ (stealth).
  2650 | D:2      | 2650 ||| UPGRADING to +0 cloak.
  2655 | D:2      | 2655 ||| READING scroll labelled ETEUS XEUDE.
  2656 | D:2      | 2656 ||| READING scroll labelled DUCWUCHIQEU.
  2657 | D:2      | 2657 ||| READING 4 scrolls of identify.
  2657 | D:2      | 2657 ||| IDENTIFYING inky potion
  2658 | D:2      | 2658 ||| READING 3 scrolls of identify.
  2658 | D:2      | 2658 ||| IDENTIFYING fizzy ruby potion
  2659 | D:2      | 2659 ||| READING 2 scrolls of identify.
  2659 | D:2      | 2659 ||| IDENTIFYING fuming dark potion
  2674 | D:3      | Found a glowing silver altar of Zin.
  2719 | D:3      | 2719 ||| Stepping ~*~*~tactically~*~*~ (stealth).
  2756 | D:3      | 2756 ||| Stepping ~*~*~tactically~*~*~ (stealth).
  2805 | D:3      | Noticed Grinder
  2806 | D:3      | 2806 ||| INVOKING Trog's Hand.
  2809 | D:3      | Noticed Terence
  2810 | D:3      | Reached skill level 8 in Axes
  2810 | D:3      | Reached XP level 6. HP: 52/52 MP: 5/5
  2810 | D:3      | 2810 ||| INVOKING Berserk.
  2822 | D:3      | Killed Terence
  2824 | D:3      | Killed Grinder
  2825 | D:3      | Reached skill level 9 in Axes
  2935 | D:3      | 2935 ||| DROPPING +3 mace of holy wrath.
  3026 | D:3      | 3026 ||| Stepping ~*~*~tactically~*~*~ (stealth).
  3031 | D:3      | Reached XP level 7. HP: 59/59 MP: 6/6
  3068 | D:3      | 3068 ||| INVOKING Berserk.
  3274 | D:3      | 3274 ||| READING 2 scrolls of identify.
  3274 | D:3      | 3274 ||| IDENTIFYING sedimented sapphire potion
  3281 | D:4      | 3281 ||| STAIRDANCE
  3288 | D:3      | Reached skill level 1 in Throwing
  3527 | D:4      | 3527 ||| Stepping ~*~*~tactically~*~*~ (hiding).
  3574 | D:4      | Found a hazy altar of Hepliaklqana.
  3647 | D:4      | Found a staircase to the Ecumenical Temple.
  4113 | D:4      | 4113 ||| READING scroll labelled ROCIKYVIVO.
  4214 | D:4      | 4214 ||| READING scroll labelled GALASH SOGU.
  4215 | D:4      | 4215 ||| READING scroll labelled SEC SARPHEOT.
  4216 | D:4      | 4216 ||| DRINKING 2 fuming puce potions.
  4217 | D:4      | 4217 ||| READING 4 scrolls of identify.
  4217 | D:4      | 4217 ||| IDENTIFYING smoky grey potion
  4218 | D:4      | 4218 ||| READING 3 scrolls of identify.
  4218 | D:4      | 4218 ||| IDENTIFYING fizzy dark potion
  4219 | D:4      | 4219 ||| DROPPING potion of attraction.
  4220 | D:4      | 4220 ||| DROPPING potion of degeneration.
  4221 | D:4      | 4221 ||| Stepping randomly (stuck).
  4263 | D:5      | Entered Level 5 of the Dungeon
  4266 | D:5      | 4266 ||| Stepping ~*~*~tactically~*~*~ (hiding).
  4267 | D:5      | 4267 ||| INVOKING Berserk.
  4271 | D:5      | Reached skill level 10 in Axes
  4423 | D:5      | 4423 ||| SWAPPING to +0 war axe.
  4424 | D:5      | 4424 ||| DROPPING +1 hand axe.
  4505 | D:5      | Reached skill level 6 in Fighting
  4586 | D:5      | Found an opulent altar of Gozag.
  4808 | D:5      | Reached XP level 8. HP: 40/70 MP: 7/7
  5425 | D:5      | 5425 ||| UPGRADING to +0 kite shield.
  5430 | D:5      | 5430 ||| READING 4 scrolls of identify.
  5430 | D:5      | 5430 ||| IDENTIFYING lumpy clear potion
  5534 | D:6      | 5534 ||| INVOKING Berserk.
  5607 | D:6      | Reached skill level 3 in Shields
  5628 | D:6      | 5628 ||| Stepping ~*~*~tactically~*~*~ (hiding).
  5629 | D:6      | 5629 ||| Stepping ~*~*~tactically~*~*~ (hiding).
  5631 | D:6      | 5631 ||| INVOKING Berserk.
  5722 | D:6      | 5722 ||| INVOKING Berserk.
  5726 | D:6      | Reached skill level 6 in Shields
  5888 | D:6      | 5888 ||| READING scroll of enchant weapon.
  5888 | D:6      | 5888 ||| ENCHANTING +0 war axe.
  5920 | D:6      | Noticed Eustachio
  5938 | D:6      | 5938 ||| INVOKING Berserk.
  5942 | D:6      | Killed Eustachio
  5943 | D:6      | Reached skill level 11 in Axes
  5943 | D:6      | Reached XP level 9. HP: 75/75 MP: 8/8
  6121 | D:6      | Noticed Maggie
  6125 | D:6      | 6125 ||| INVOKING Berserk.
  6128 | D:6      | HP: 12/112 [Maggie/bolt of fire (23)]
  6131 | D:6      | HP: 4/112 [Maggie/+0 scimitar (8)]
  6132 | D:6      | Killed Maggie
  6468 | D:6      | 6468 ||| Stepping ~*~*~tactically~*~*~ (stealth).
  6470 | D:6      | 6470 ||| Stepping ~*~*~tactically~*~*~ (hiding).
  6808 | D:6      | 6808 ||| READING scroll labelled TISUVV MORUYGI.
  6809 | D:6      | 6809 ||| READING scroll labelled ZINLUE RIZEMPAATS.
  6856 | D:7      | 6856 ||| FLEEEEING.
  6863 | D:7      | 6863 ||| FLEEEEING.
  6864 | D:7      | 6864 ||| FLEEEEING.
  6865 | D:7      | 6865 ||| FLEEEEING.
  6866 | D:7      | 6866 ||| FLEEEEING.
  6867 | D:7      | 6867 ||| STAIRDANCE
  6909 | D:7      | 6909 ||| INVOKING Berserk.
  6913 | D:7      | Reached skill level 3 in Armour
  6928 | D:7      | HP: 18/75 [gnoll/+0 spear (5)]
  6929 | D:7      | 6929 ||| READING 2 scrolls of teleportation.
  6930 | D:7      | 6930 ||| DRINKING 3 potions of heal wounds.
  6941 | D:7      | HP: 18/75 [gnoll/+0 spear (3)]
  6942 | D:7      | 6942 ||| READING scroll of teleportation.
  6943 | D:7      | 6943 ||| DRINKING 2 potions of heal wounds.
  7165 | D:7      | 7165 ||| Stepping ~*~*~tactically~*~*~ (stealth).
  7169 | D:7      | 7169 ||| INVOKING Berserk.
  7181 | D:7      | 7181 ||| Stepping ~*~*~tactically~*~*~ (stealth).
  7185 | D:7      | 7185 ||| Stepping ~*~*~tactically~*~*~ (stealth).
  7290 | D:7      | 7290 ||| DROPPING +3 flail of protection.
  7366 | D:7      | Reached *** piety under Trog
  7367 | D:7      | Reached skill level 12 in Axes
  7370 | D:7      | 7370 ||| Stepping ~*~*~tactically~*~*~ (stealth).
  7380 | D:7      | 7380 ||| Stepping ~*~*~tactically~*~*~ (stealth).
  7453 | D:7      | 7453 ||| Stepping ~*~*~tactically~*~*~ (stealth).
  7591 | D:7      | Paralysed by a hornet for 2 turns
  7595 | D:7      | 7595 ||| INVOKING Berserk.
  7754 | D:7      | 7754 ||| FLEEEEING.
  7755 | D:7      | 7755 ||| FLEEEEING.
  7758 | D:7      | 7758 ||| FLEEEEING.
  7759 | D:7      | 7759 ||| FLEEEEING.
  7760 | D:7      | 7760 ||| FLEEEEING.
  7761 | D:7      | 7761 ||| FLEEEEING.
  7762 | D:7      | 7762 ||| FLEEEEING.
  7763 | D:7      | 7763 ||| FLEEEEING.
  7764 | D:7      | 7764 ||| FLEEEEING.
  7765 | D:7      | 7765 ||| FLEEEEING.
  7766 | D:7      | 7766 ||| STAIRDANCE
  7846 | D:6      | 7846 ||| DROPPING +0 ring mail "Oly Pupi" {+Inv rF+
                  | Slay-3}.
  7847 | D:6      | 7847 ||| UPGRADING to +0 chain mail.
  7857 | D:6      | 7857 ||| DROPPING +0 scale mail.
  7858 | D:6      | 7858 ||| UPGRADING to +0 plate armour.
  7868 | D:6      | 7868 ||| DROPPING +0 chain mail.
  7869 | D:6      | 7869 ||| READING scroll labelled HICHEOMPEFEPH.
  8164 | D:7      | Found a shimmering blue altar of Sif Muna.
  8426 | D:7      | 8426 ||| Stepping ~*~*~tactically~*~*~ (hiding).
  8843 | D:7      | 8843 ||| READING scroll labelled OXAB ZISHISK.
  8876 | D:8      | 8876 ||| STAIRDANCE
  8917 | D:8      | Found a flagged portal.
  8924 | D:8      | 8924 ||| FLEEEEING.
  8931 | D:8      | 8931 ||| FLEEEEING.
  8932 | D:8      | 8932 ||| FLEEEEING.
  8933 | D:8      | 8933 ||| FLEEEEING.
  8934 | D:8      | 8934 ||| FLEEEEING.
  8935 | D:8      | 8935 ||| FLEEEEING.
  8936 | D:8      | 8936 ||| STAIRDANCE
  8968 | D:8      | 8968 ||| INVOKING Berserk.
  9226 | D:8      | 9226 ||| Stepping ~*~*~tactically~*~*~ (hiding).
  9237 | D:8      | Reached skill level 9 in Shields
  9283 | D:8      | Noticed an oklob plant
  9283 | D:8      | Noticed an oklob plant
  9285 | D:8      | 9285 ||| FLEEEEING.
  9286 | D:8      | 9286 ||| FLEEEEING.
  9407 | D:8      | Noticed an oklob plant
  9411 | D:8      | 9411 ||| INVOKING Berserk.
  9418 | D:8      | Killed an oklob plant
  9419 | D:8      | Reached skill level 6 in Armour
  9419 | D:8      | Reached XP level 10. HP: 70/86 MP: 9/9
  9421 | D:8      | 9421 ||| READING 2 scrolls of teleportation.
  9422 | D:8      | HP: 1/86 [oklob plant/splash of acid (24)]
  9423 | D:8      | 9423 ||| DRINKING potion of heal wounds.
  9423 | D:8      | Killed from afar by an oklob plant

Levels and vault maps discovered:
D:1:      heliophobic_arrival_henge, layout_basic,
          shapermc_ecumenical_altar_rom_forum
D:2:      layout_basic, serial_shops, shop, nicolae_eternal_life, uniq_robin,
          uniq_sigmund
D:3:      layout_basic, lemuel_crystal_altar, uniq_terence, uniq_grinder
D:4:      layout_loops_ring, worldfamousw_hep_ancestral_shrine,
          minmay_temple_entry_hall, roderic_lattice_a
D:5:      layout_rooms, nicolae_gozag_cash_rules_everything_around_me,
          nrook_mini_backslash, chequers_serial_rivers_large_b,
          kennysheep_diamond
D:6:      layout_basic, uniq_maggie, uniq_eustachio
D:7:      hellmonk_ruined_rings, layout_basic, led_sif_pool
D:8:      layout_rooms, minitemple, enter_bailey_2, minivault_25,
          chequers_serial_rivers_micro_c, disabler_island

Skill      XL: |  1  2  3  4  5  6  7  8  9 |
---------------+----------------------------+-----
Axes           | 4 5 7 8 9 10 11 12 | 12.0
Fighting       | 4 6 7 |  7.4
Throwing       | 2 |  2.4
Shields        | 7 9 |  9.0
Armour         | 6 |  6.3
Dodging        | |  2.1

Action                   |  1- 3 |  4- 6 |  7- 9 | 10-12 || total
-------------------------+-------+-------+-------+-------++-------
Melee: Hand axe          |    90 |    60 |    43 |       ||   193
       Headbutt          |     5 |     8 |    37 |     1 ||    51
       War axe           |       |       |   179 |     1 ||   180
Throw: Boomerang         |     8 |    25 |    12 |       ||    45
       Javelin           |       |       |    30 |       ||    30
Invok: Berserk           |     1 |     2 |    12 |       ||    15
       Trog's Hand       |       |     1 |       |       ||     1
  Use: Scroll            |     3 |     5 |    14 |     1 ||    23
       Potion            |       |       |     3 |     1 ||     4
Armor: Animal skin       |     5 |       |       |       ||     5
       Scale mail        |    20 |    16 |    52 |       ||    88
       Plate armour      |       |       |    16 |       ||    16
Dodge: Dodged            |    41 |    31 |    90 |       ||   162
Block: Kite shield       |       |       |    71 |       ||    71

Table legend:
 A = Non-vault XP
 B = Vault XP
 C = Vault XP percentage of total XP
 D = Non-vault monster count
 E = Vault monster count
 F = Vault count percentage of total count
                 A         B        C        D         E       F
            +---------+---------+-------+---------+---------+-------
      Total |    4058 |    1664 |  29.1 |     137 |      20 |  12.7
            +---------+---------+-------+---------+---------+-------
        D:1 |      35 |       0 |   0.0 |      20 |       0 |   0.0
        D:2 |      52 |     253 |  83.0 |      18 |      14 |  43.8
        D:3 |     168 |     336 |  66.7 |      22 |       2 |   8.3
        D:4 |     157 |       0 |   0.0 |      12 |       0 |   0.0
        D:5 |     689 |      14 |   2.0 |      13 |       1 |   7.1
        D:6 |    1024 |     534 |  34.3 |      18 |       2 |  10.0
        D:7 |    1629 |       0 |   0.0 |      27 |       0 |   0.0
        D:8 |     304 |     527 |  63.4 |       7 |       1 |  12.5
            +---------+---------+-------+---------+---------+-------
